 Dungeon Crawl Stone Soup version 0.18-a0-1140-g8540535 (webtiles) character file.

243 st0uf the Insei (level 5, 0/41 HPs)
             Began as a Draconian Transmuter on Jan 21, 2016.
             Slain by a white imp (3 damage)
             ... summoned by Natasha
             ... on level 3 of the Dungeon.
             The game lasted 00:08:28 (2264 turns).

st0uf the Insei (Draconian Transmuter)              Turns: 2264, Time: 00:08:28

Health: 0/41       AC:  5    Str: 14    XL:     5   Next: 82%
Magic:  9/9        EV: 13    Int: 14    God:
Gold:   31         SH:  0    Dex: 12    Spells: 3 memorised, 3 levels left

rFire  . . .     SeeInvis .       - Unarmed
rCold  . . .     Gourm    .     (armour unavailable)
rNeg   . . .     Faith    .     (no shield)
rPois  .         Spirit   .     (helmet restricted)
rElec  .         Dismiss  .     (no cloak)
rCorr  .         Reflect  .     (no gloves)
SustAt .         Harm     .     (boots currently unavailable)
MR     .....                    (no amulet)
Stlth  +.........               n - +2 ring of strength
                                (no ring)

@: appendage (expiring), not resistant to hostile enchantments, very unstealthy
A: unfitting armour, talons 3, cold-blooded, AC +5
a: End Transformation


You were on level 3 of the Dungeon.
You were not hungry.
You had grown temporary talons.
You visited 1 branch of the dungeon, and saw 3 of its levels.

You collected 31 gold pieces.

Inventory:

Missiles
 a - 30 arrows
Jewellery
 h - an uncursed ring of teleportation
 n - a +2 ring of strength (right hand)
Scrolls
 d - a scroll of teleportation
 e - a scroll of enchant armour {unknown}
 g - 2 scrolls of remove curse
 i - a scroll of immolation {unknown}
 k - 2 scrolls of identify {unknown}
 l - a scroll of recharging {unknown}
 m - 2 scrolls of blinking {unknown}
Potions
 f - a potion of haste {unknown}
Books
 b - a book of Changes

   Spells                             Type                      Level
   a - Beastly Appendage              Transmutation                1
   b - Sticks to Snakes               Transmutation                2
   c - Spider Form                    Transmutation/Poison         3
   d - Ice Form                       Ice/Transmutation            4
   e - Blade Hands                    Transmutation                5
Comestibles
 c - a bread ration


   Skills:
 + Level 2.0 Fighting
 + Level 3.0 Dodging
 * Level 4.5 Unarmed Combat
 + Level 2.7 Spellcasting
 * Level 3.3 Transmutations


You had 3 spell levels left.
You knew the following spells:

 Your Spells              Type           Power        Failure   Level  Hunger
a - Beastly Appendage     Trmt           ##....       6%          1    #......
b - Sticks to Snakes      Trmt           ##......     10%         2    ###....
c - Spider Form           Trmt/Pois      #.........   38%         3    ###....


Dungeon Overview and Level Annotations

Branches:
Dungeon (3/15)

Altars:

Annotations:
D:3 Natasha


Innate Abilities, Weirdness & Mutations

Your plain brown scales are hard (AC +5).
Your body does not fit into most forms of armour.
You are cold-blooded and may be slowed by cold attacks.
You have claws for feet.


Message History

You closely miss Natasha. You claw Natasha.
Natasha is almost dead.
Natasha claws you.
The white imp hits you but does no damage.
You closely miss Natasha. You claw Natasha, but do no damage.
Your tail-slap misses Natasha.
Natasha is almost dead.
Natasha closely misses you. The white imp closely misses you.
You hit Natasha but do no damage.
Natasha is almost dead.
Natasha claws you. The white imp gestures at you. The puff of frost hits you!
* * * LOW HITPOINT WARNING * * *
You completely miss Natasha.
Natasha is almost dead.
Natasha claws you.
* * * LOW HITPOINT WARNING * * *
The white imp hits you.
You die...

####. #..# ..... #..#
##### ######..#
#...##..# #.......#
#...###.# ##.##
#.#######
###.####.5.....#
#.....##@h.....#
#########.....##.......#
..............##.......#
.########..............#
.# # #.....##.......#
.###... ...............#
.....# ####.###.###.....
.##### #.# .# .#### .#
.# .


You could see Natasha and a white imp.

Vanquished Creatures
  Sigmund (D:3)
  A gnoll (D:1)
  4 adders
  A worm (D:1)
  2 giant geckos
  4 giant cockroaches
  2 goblins (D:1)
  4 hobgoblins
  4 jackals
  3 kobolds
  A ball python (D:3)
  4 bats
  3 giant newts
  5 rats
39 creatures vanquished.

Notes
Turn   | Place    | Note
--------------------------------------------------------------
     0 | D:1      | st0uf the Draconian Transmuter began the quest for the Orb.
     0 | D:1      | Reached XP level 1. HP: 16/16 MP: 3/3
   242 | D:1      | Reached XP level 2. HP: 23/23 MP: 1/5
  1062 | D:2      | Reached XP level 3. HP: 18/28 MP: 4/6
  1652 | D:3      | Noticed Sigmund
  1735 | D:3      | Reached XP level 4. HP: 28/35 MP: 5/7
  1758 | D:3      | Learned a level 2 spell: Sticks to Snakes
  1762 | D:3      | Learned a level 3 spell: Spider Form
  1896 | D:3      | Killed Sigmund
  1896 | D:3      | Reached skill level 4 in Unarmed Combat
  1896 | D:3      | Reached XP level 5. HP: 39/41 MP: 2/9
  2248 | D:3      | Noticed Natasha
  2264 | D:3      | Slain by a white imp

Vault maps used:
D:1:      saegor_arrival_under_anarchy
D:2:      st_stairs_8
D:3:      lemuel_round_altar, first_bread, uniq_natasha, uniq_sigmund

Action                   |  1- 3 |  4- 6 || total
-------------------------+-------+-------++-------
Melee: Unarmed           |   129 |    42 ||   171
 Cast: Beastly Appendage |    26 |     5 ||    31
       Spider Form       |       |     1 ||     1
  Use: Scroll            |       |     2 ||     2
 Stab: Sleeping          |     1 |       ||     1
  Eat: Chunk             |     3 |     2 ||     5
